 Dungeon Crawl Stone Soup version 0.30-a0-719-gcc4359ea44 (webtiles) character file.

Game seed: 11089199627685787846

323 Dittersdorf the Trooper (level 6, -6/39 HPs)
             Began as a Gargoyle Fighter on Jan 26, 2023.
             Killed by divine providence
             ... invoked by an orc priest
              (9 damage)
             ... on level 4 of the Dungeon.
             The game lasted 00:04:14 (3182 turns).

Dittersdorf the Trooper (Gargoyle Fighter)          Turns: 3182, Time: 00:04:14

Health: -6/39      AC: 18    Str: 22    XL:     6   Next: 47%
Magic:  6/6        EV:  8    Int:  8    God:
Gold:   106        SH:  8    Dex:  9    Spells: 5/5 levels left

rFire   . . .      SeeInvis .    a - +0 flail
rCold   . . .      Faith    .    n - +0 kite shield
rNeg    + . .      Spirit   .    b - +0 scale mail
rPois   ∞          Reflect  .    (no helmet)
rElec   +          Harm     .    (no cloak)
rCorr   .          Rampage  .    q - +0 pair of gloves
Will    .....                    x - +0 pair of boots Stlth
                                 (no amulet)
HPRegen 0.26/turn                g - +4 ring of protection
MPRegen 0.10/turn                (no ring)

@: no status effects
A: sickness immunity, AC +4, negative energy resistance 1, electricity
resistance, torment resistance 1, petrification resistance
a: no special abilities


You were on level 4 of the Dungeon.
You visited 1 branch of the dungeon, and saw 4 of its levels.

You collected 184 gold pieces.
You spent 78 gold pieces at shops.

Inventory:

Hand Weapons
 a - a +0 flail (weapon)
Missiles
 u - 6 curare-tipped darts (quivered)
Armour
 b - a +0 scale mail (worn)
 e - +0 fire dragon scales
 n - a +0 kite shield (worn)
 q - a +0 pair of gloves (worn)
 x - a +0 pair of boots (worn)
Jewellery
 g - a +4 ring of protection (left hand)
 m - a ring of wizardry
Wands
 r - a wand of light (13)
 A - a wand of roots (7)
Scrolls
 f - 2 scrolls of identify {unknown}
 p - 2 scrolls of torment {unknown}
 t - 2 scrolls of teleportation {unknown}
 v - a scroll of fear {unknown}
 y - a scroll of fog {unknown}
 z - a scroll of vulnerability {unknown}
Potions
 c - a potion of brilliance {unknown}
 d - 2 potions of might
 h - a potion of lignification {unknown}
 i - 2 potions of curing {unknown}
 j - a potion of haste {unknown}
 l - 2 potions of magic {unknown}
 o - 2 potions of attraction {unknown}
 s - 2 potions of heal wounds
 w - a potion of flight {unknown}


   Skills:
 + Level 4.7 Fighting
 + Level 3.7 Maces & Flails
 + Level 4.7 Armour
 + Level 4.7 Shields


You had 5 spell levels left.
You didn't know any spells.
Your spell library contained the following spells:

 Spells                   Type           Power      Damage    Failure   Level
 Apportation              Tloc           0%         N/A       97%         1
 Alistair's Intoxication  Tmut/Pois      0%         N/A       100%        5


Dungeon Overview and Level Annotations

Branches:
Dungeon (4/15)
 Temple: D:4-7

Altars:
Uskayaw

Shops:
D:3 (   D:4 :!![


Innate Abilities, Weirdness & Mutations

You are immune to sickness and miasma.
Your stone body is resilient. (AC +4)
You are immune to poison.
You resist negative energy. (rN+)
You are resistant to electric shocks. (rElec)
You are resistant to unholy torment.
You are immune to petrification.


Message History

You are too injured to fight recklessly!
You are too injured to fight recklessly!
You are too injured to fight recklessly!
You are too injured to fight recklessly!
You are too injured to fight recklessly!
You are too injured to fight recklessly!
You are too injured to fight recklessly!
You are too injured to fight recklessly!
You are too injured to fight recklessly!
You are too injured to fight recklessly!
You are too injured to fight recklessly!
You are too injured to fight recklessly!
You are too injured to fight recklessly!
You are too injured to fight recklessly!
You are too injured to fight recklessly!
You are too injured to fight recklessly!
You are too injured to fight recklessly!
You are too injured to fight recklessly!
You are too injured to fight recklessly!
You are too injured to fight recklessly!
You are too injured to fight recklessly!
You sock the orc priest!
The orc priest is heavily wounded.
The orc priest looks satisfied for a moment.
You hit the orc priest but do no damage.
The orc priest is heavily wounded.
The orc priest hits you but does no damage. x2
You sock the orc priest!
The orc priest is almost dead.
The orc priest mumbles some strange prayers to Beogh against you.
Beogh smites you!
* * * LOW HITPOINT WARNING * * *
You barely miss the orc priest.
The orc priest is almost dead.
The orc priest looks satisfied for a moment.
You barely miss the orc priest.
The orc priest is almost dead.
The orc priest mumbles some strange prayers to Beogh against you.
Beogh smites you!
You die...

..........##..(.. .......
..........##..... .......
..........##..... .......
..........'...... #
....... ..........##.####
# ......o
######'#..#.#### #
....... #.#........ #####
......o########.##.##....
.....
......{o@.......##.##....
#####
##################.##....
.....
.........................
#####
######.############....#
#......^# #....# ##
#.###.#.##########.#.##
.####
#.###.#....).....#.#..+
.......##
#........#######.#.#.##
.#####...######..#.#
#.#.#


You could see an orc priest and an orc.

Vanquished Creatures
  A phantom (D:4)
  2 scorpions (D:4)
  An orc wizard (D:4)
  A white imp (D:3)
  2 worms
  3 dart slugs
  4 orcs
  2 bats
  7 endoplasms
  3 giant cockroaches
  7 goblins
  8 hobgoblins
  4 quokkas
  5 ball pythons
  5 frilled lizards
  7 kobolds
  22 rats
84 creatures vanquished.

Notes
Turn   | Place    | Note
-------+----------+-------------------------------------------
     0 | D:1      | Dittersdorf the Gargoyle Fighter began the quest for the
                  | Orb.
     0 | D:1      | Reached XP level 1. HP: 14/14 MP: 1/1
   127 | D:1      | Reached XP level 2. HP: 19/19 MP: 2/2
   558 | D:1      | Reached XP level 3. HP: 22/23 MP: 3/3
  1396 | D:2      | Found a faded altar of an unknown god.
  1783 | D:3      | Reached XP level 4. HP: 29/29 MP: 4/4
  1784 | D:3      | Found a faded altar of an unknown god.
  1868 | D:3      | Found Biweusor's Antique Weapon Boutique.
  2612 | D:3      | Found a hide-covered altar of Uskayaw.
  2678 | D:4      | Found Ebaog's Distillery.
  2686 | D:4      | Bought a potion of degeneration for 13 gold pieces
  2687 | D:4      | Bought a potion of heal wounds for 65 gold pieces
  2712 | D:4      | Found Qyudog's Book Boutique.
  2852 | D:4      | Found Suwoixt's Antique Armour Emporium.
  2872 | D:4      | Noticed a scorpion
  2878 | D:4      | Killed a scorpion
  2879 | D:4      | Reached XP level 5. HP: 33/33 MP: 5/5
  3082 | D:4      | Found Oxoefrar's Distillery.
  3125 | D:4      | Noticed a phantom
  3135 | D:4      | Killed a phantom
  3136 | D:4      | Reached XP level 6. HP: 38/39 MP: 6/6
  3182 | D:4      | Killed from afar by an orc priest

Illustrated notes

Levels and vault maps discovered:
D:1:      psy_arrival_statuary, layout_basic
D:2:      layout_basic, basic_ecumenical_altar, kennysheep_generic_room_9
D:3:      layout_basic, nicolae_overflow_ecumenical_swirl, serial_shops,
          nicolae_shop_statue_plus, minmay_rat_hole
D:4:      layout_basic, mainiacjoe_overflow_24_doors, serial_shops,
          nicolae_shop_waterfront, shop_statue, shop, shop

Skill      XL: |  1  2  3  4 |
---------------+-------------+-----
Armour         | 4 |  4.7
Fighting       | 4 |  4.7
Shields        | 4 |  4.7
Maces & Flails | 3 |  3.7

Action                     |  1- 3 |  4- 6 || total
---------------------------+-------+-------++-------
  Melee: Flail             |   136 |   108 ||   244
  Throw: Dart              |       |     2 ||     2
 Armour: Scale mail        |    60 |    65 ||   125
  Dodge: Dodged            |    53 |    37 ||    90
  Block: Buckler           |    20 |       ||    20
         Kite shield       |    16 |    39 ||    55

Table legend: (Time is in decaauts)
 A = Elapsed time spent in this place.
 B = Non-inter-level travel time spent in this place.
 C = Inter-level travel time spent in this place.
 D = Time resting spent in this place.
 E = Time spent auto-exploring this place.
 F = Levels seen in this place.
 G = Mean time per level.
                   A        B        C        D        E       F      G
               +--------+--------+--------+--------+--------+-----+--------+
         Total |   3276 |   3095 |    181 |     94 |   2355 |   4 |  819.0 |
       Dungeon |   3276 |   3095 |    181 |     94 |   2355 |   4 |  819.0 |
               +--------+--------+--------+--------+--------+-----+--------+

Top non-repeatable levels by time:
     D:1: 1057 daAuts
     D:3: 952 daAuts
     D:2: 763 daAuts
     D:4: 502 daAuts
